 Dungeon Crawl Stone Soup version 0.17.0-1-g61d176b (webtiles) character file.

8841 HaroldButt the Basher (level 11, -9/66 HPs)
             Began as a Gargoyle Berserker on Nov 7, 2015.
             Was the Champion of Trog.
             Splashed by an oklob plant's acid (11 damage)
             ... on level 1 of the Lair of Beasts.
             The game lasted 00:36:23 (9306 turns).

HaroldButt the Basher (Gargoyle Berserker)          Turns: 9306, Time: 00:36:24

Health: -9/66      AC: 19    Str: 21    XL:     11   Next: 37%
Magic:  6/6        EV: 12    Int:  8    God:    Trog [******]
Gold:   419        SH:  5    Dex: 12    Spells: 0 memorised, 10 levels left

rFire  . . .     SeeInvis +     D - +10 demon whip (antimagic)
rCold  + . .     Clarity  .     o - +6 scale mail of Creativity {rPois rC+}
rNeg   + . .     SustAt   .     r - +0 buckler
rPois  ∞         Gourm    .     (no helmet)
rElec  +         Spirit   .     n - +0 cloak
rCorr  .         Warding  .     (no gloves)
rMut   .         Stasis   .     M - +0 pair of boots {run}
MR     ++...                    p - amulet of faith
Stlth  ..........               A - ring of see invisible
                                y - ring of magical power

@: exhausted, corroded equipment, regenerating, slowed, very slow, very
resistant to hostile enchantments, extremely unstealthy
A: negative energy resistance 1, electricity resistance, unbreathing,
petrification resistance, rot immunity, AC +7
a: Berserk, Trog's Hand, Brothers in Arms, Burn Spellbooks, Renounce Religion


You were on level 1 of the Lair of Beasts.
You worshipped Trog.
Trog was exalted by your worship.
You were hungry.

You visited 2 branches of the dungeon, and saw 10 of its levels.

You collected 519 gold pieces.
You spent 100 gold pieces at shops.

Inventory:

Hand Weapons
 D - a +10 antimagic demon whip (weapon)
 E - a +0 morningstar of protection
Missiles
 f - 23 poisoned needles
 g - 375 stones (quivered)
Armour
 n - a +0 cloak (worn)
 o - the +6 scale mail of Creativity (worn) {rPois rC+}
   (You found it on level 8 of the Dungeon)

   It protects you from cold.
   It protects you from poison.
 r - a +0 buckler (worn)
 B - a +1 ring mail of fire resistance
 C - a +1 plate armour
 M - a +0 pair of boots of running (worn)
Jewellery
 p - an amulet of faith (around neck)
 y - a ring of magical power (left hand)
 z - an uncursed ring of stealth
 A - a ring of see invisible (right hand)
Wands
 J - a wand of disintegration (17)
 S - a wand of disintegration (13)
Scrolls
 d - a scroll of fog
 l - 2 scrolls of teleportation
 m - a scroll of blinking
 t - 2 scrolls of remove curse
 N - a scroll of recharging
 Q - a scroll of enchant armour
 R - a scroll of fear
Potions
 a - a potion of flight
 e - 2 potions of cancellation
 h - 3 potions of might
 i - a potion of brilliance
 j - a potion of magic
 q - 2 potions of curing
 s - a potion of haste
 u - 2 potions of resistance
 w - a potion of lignification {unknown}
 x - 2 potions of heal wounds
 H - a potion of agility
Books
 I - a book of Battle

   Spells                             Type                      Level
   a - Infusion                       Charms                       1
   b - Shroud of Golubria             Charms/Translocation         2
   c - Song of Slaying                Charms                       2
   d - Spectral Weapon                Hexes/Charms                 3
   e - Regeneration                   Charms/Necromancy            3
   Trog disapproves of the use of such an item.
Comestibles
 b - 12 fruits
 c - 12 bread rations
 v - 2 meat rations
 G - 8 slices of pizza
 L - 2 beef jerkies


   Skills:
 + Level 6.8 Fighting
 * Level 13.1 Maces & Flails
 - Level 7.0 Armour
 + Level 6.0 Dodging
 - Level 4.1 Shields


You had 10 spell levels left.
You didn't know any spells.

Dungeon Overview and Level Annotations

Branches:
Dungeon (9/15)             Temple (0/1) D:7            Lair (1/8) D:9
    Orc: D:9-12

Altars:
Dithmenos
Fedhas
Kikubaaqudgha
Nemelex Xobeh
Okawaru
Zin

Shops:
D:5 (   D:7 }   D:9 (

Annotations:
Lair:1 exclusion: oklob plant


Innate Abilities, Weirdness & Mutations

You are resistant to torment.
Your stone body is resilient (AC +7).
You are immune to poison.
You resist negative energy.
You are resistant to electric shocks.
You can survive without breathing.
You are immune to petrification.
You are immune to rotting.


Message History

The oklob plant is moderately damaged.
The oklob plant spits acid at you. The splash of acid hits you!
The acid burns!
You whack the oklob plant!
The oklob plant is heavily damaged.
The oklob plant spits acid at you. The splash of acid hits you!
The acid burns!
* * * LOW HITPOINT WARNING * * *
You whack the oklob plant!
The oklob plant is severely damaged.
You hit the oklob plant.
The oklob plant is severely damaged.
Your skin crawls.
You feel resistant to hostile enchantments.
You feel slightly more hungry. The oklob plant spits acid at you.
The splash of acid hits you!
* * * LOW HITPOINT WARNING * * *
The acid burns!
You die...

#.#.########.......## #....#
.............#.....P# ####.#
.#.########.........### #.#
..#######?............## #.#
..##...................# ##.#
#.#....................## #P.#
#.....^....(............####
##.#
###............=.......###.##
#.#
#.#.........PP@........÷..#
#.#
###.††.....(PPP.......###.#
#.# #.†......(PPP.......# #.#
#.# #P..#.......%.......##
#.###.. #...#...............#
##>.##.#
#...#...............###..##..#
#............................#
##...P.............#####.#P###
........................###


You could see an oklob plant.

Vanquished Creatures
  A hydra (Lair:1)
  The ghost of Britaniac the Transmogrifier, a novice NaTm of Cheibriados (D:8)
  A spiny frog (Lair:1)
  A komodo dragon (Lair:1)
  Prince Ribbit (D:7)
  2 trolls (D:9)
  5 yaks (Lair:1)
  Eustachio (D:4)
  A deep elf fighter (D:8)
  6 wolves (Lair:1)
  3 hippogriffs
  2 hungry ghosts
  A water moccasin (D:9)
  A wasp (D:9)
  3 ice beasts
  3 sky beasts
  5 centaurs
  3 ogres
  A necrophage (D:7)
  3 crocodiles
  A wyvern zombie (D:9)
  3 giant frogs
  4 scorpions
  11 killer bees
  7 crimson imps
  A centaur zombie (D:7)
  2 hounds
  4 orc priests
  A jelly (D:5)
  2 iguanas
  10 orc wizards
  A killer bee zombie (D:7)
  7 worker ants
  8 sheep (Lair:1)
  A hound zombie (D:9)
  A worker ant zombie (D:9)
  4 adders
  4 gnolls (D:4)
  3 shadow imps
  7 river rats (Lair:1)
  2 oozes
  An adder skeleton (D:4)
  3 worms
  30 orcs
  A ball python (D:2)
  4 bats
  3 giant cockroaches
  5 hobgoblins
  5 jackals
  3 kobolds
  9 quokkas
  7 giant geckos
  6 giant newts
  6 goblins
  5 rats
  A bush (Lair:1)
  A fungus (D:9)
219 creatures vanquished.

Vanquished Creatures (others)
  A bush (D:7)
1 creature vanquished.

Grand Total: 220 creatures vanquished

Notes
Turn   | Place    | Note
--------------------------------------------------------------
     0 | D:1      | HaroldButt the Gargoyle Berserker began the quest for the Orb.
     0 | D:1      | Reached XP level 1. HP: 14/14 MP: 1/1
   728 | D:2      | Reached XP level 2. HP: 19/19 MP: 2/2
   775 | D:2      | Found an ancient bone altar of Kikubaaqudgha.
  1079 | D:2      | Reached XP level 3. HP: 9/24 MP: 3/3
  1574 | D:3      | Reached skill level 4 in Maces & Flails
  1590 | D:3      | Reached ** piety under Trog
  1633 | D:3      | Reached XP level 4. HP: 27/29 MP: 4/4
  1647 | D:3      | Found a shadowy altar of Dithmenos.
  2000 | D:3      | Reached XP level 5. HP: 11/34 MP: 5/5
  2279 | D:3      | Reached skill level 5 in Maces & Flails
  2822 | D:4      | Noticed an ogre
  2838 | D:4      | Killed an ogre
  2838 | D:4      | Reached skill level 5 in Fighting
  2838 | D:4      | Reached XP level 6. HP: 40/40 MP: 6/6
  2867 | D:4      | Noticed Eustachio
  2985 | D:4      | Killed Eustachio
  2985 | D:4      | Reached skill level 6 in Maces & Flails
  2992 | D:4      | Reached XP level 7. HP: 16/44 MP: 7/7
  3208 | D:4      | Noticed an ice beast
  3227 | D:4      | Killed an ice beast
  3227 | D:4      | Reached skill level 7 in Maces & Flails
  3754 | D:5      | Entered Level 5 of the Dungeon
  3764 | D:5      | Found an iron altar of Okawaru.
  3764 | D:5      | Found a glowing silver altar of Zin.
  3819 | D:5      | Reached skill level 1 in Shields
  3920 | D:5      | Reached *** piety under Trog
  4063 | D:5      | Found Tuyfuj's Antique Weapon Boutique.
  4158 | D:5      | Reached XP level 8. HP: 43/51 MP: 8/8
  4187 | D:5      | Found a sparkling altar of Nemelex Xobeh.
  4503 | D:6      | Reached skill level 8 in Maces & Flails
  4902 | D:6      | Reached skill level 9 in Maces & Flails
  5385 | D:7      | Reached **** piety under Trog
  5519 | D:7      | Found a staircase to the Ecumenical Temple.
  5612 | D:7      | Reached XP level 9. HP: 53/55 MP: 9/9
  5803 | D:7      | Reached skill level 10 in Maces & Flails
  5875 | D:7      | Noticed Prince Ribbit
  5892 | D:7      | Killed Prince Ribbit
  5959 | D:7      | Found Pesoraah's Gadget Shop.
  5978 | D:7      | Found a blossoming altar of Fedhas.
  6511 | D:8      | Noticed Britaniac's ghost (novice NaTm)
  6608 | D:8      | Found a sparkling altar of Nemelex Xobeh.
  6742 | D:8      | Killed Britaniac's ghost
  6742 | D:8      | Reached skill level 11 in Maces & Flails
  6742 | D:8      | Reached skill level 5 in Armour
  6742 | D:8      | Reached XP level 10. HP: 58/60 MP: 10/10
  6772 | D:8      | Got a jacinth-encrusted scale mail
  6849 | D:8      | Identified the +6 scale mail of Creativity {rPois rC+} (You found it on level 8 of the Dungeon)
  7248 | D:8      | Reached ***** piety under Trog
  7540 | D:9      | Found a staircase to the Lair.
  7758 | D:9      | Found Oqaennis's Antique Weapon Shoppe.
  7766 | D:9      | Bought a glowing morningstar for 100 gold pieces
  7988 | D:9      | Reached skill level 12 in Maces & Flails
  7998 | D:9      | Identified a scroll of acquirement
  8008 | D:9      | Identified a +0 pair of boots of running (You acquired it on level 9 of the Dungeon)
  8396 | Lair:1   | Entered Level 1 of the Lair of Beasts
  8404 | Lair:1   | Reached skill level 5 in Dodging
  8613 | Lair:1   | Noticed a four-headed hydra
  8621 | Lair:1   | Killed a four-headed hydra
  8621 | Lair:1   | Reached XP level 11. HP: 59/64 MP: 11/11
  8878 | Lair:1   | Reached skill level 13 in Maces & Flails
  8888 | Lair:1   | Noticed an oklob plant
  8970 | Lair:1   | Reached ****** piety under Trog
  9120 | Lair:1   | Received a gift from Trog
  9306 | Lair:1   | HP: 2/66 [oklob plant/splash of acid (14)]
  9306 | Lair:1   | Splashed by an oklob plant's acid

Action                   |  1- 3 |  4- 6 |  7- 9 | 10-12 || total
-------------------------+-------+-------+-------+-------++-------
Melee: Mace              |   105 |    56 |       |       ||   161
       Flail             |       |   158 |   442 |       ||   600
       Morningstar       |       |       |    56 |   425 ||   481
       Demon whip        |       |       |       |     5 ||     5
Throw: Stone             |       |       |     5 |       ||     5
Invok: Berserk           |       |     2 |     3 |     2 ||     7
       Trog's Hand       |       |     1 |     2 |     1 ||     4
  Use: Scroll            |       |       |    21 |     6 ||    27
       Potion            |       |       |       |     1 ||     1
 Stab: Sleeping          |       |       |     2 |       ||     2
  Eat: Chunk             |     2 |     7 |    16 |    13 ||    38
       Pizza             |       |       |       |     1 ||     1
